 Dungeon Crawl Stone Soup version 0.28-a0-1146-g0f060c3 (webtiles) character file.

Game seed: 4947098452008642026

14 2tousent the Slasher (level 2, 0/22 HPs)
             Began as a Demonspawn Gladiator on Dec 13, 2021.
             Was a High Priest of Ignis.
             Slain by a kobold (18 damage)
             ... on level 2 of the Dungeon.
             The game lasted 00:01:18 (1242 turns).

2tousent the Slasher (Demonspawn Gladiator)         Turns: 1242, Time: 00:01:18

Health: 0/22       AC:  4    Str: 14    XL:     2   Next: 31%
Magic:  2/2        EV: 12    Int:  9    God:    Ignis [*****.]
Gold:   51         SH:  4    Dex: 14    Spells: 1/1 levels left

rFire   + . .      SeeInvis .   a - +0 long sword
rCold   . . .      Faith    .   (no shield)
rNeg    . . .      Spirit   .   b - +0 leather armour
rPois   .          Reflect  .   c - +0 helmet
rElec   .          Harm     .   (no cloak)
rCorr   .          Rampage  .   (no gloves)
Will    .....                   (no boots)
Stlth   +.........              (no amulet)
HPRegen 0.07/turn               (no ring)
MPRegen 0.08/turn               (no ring)

@: no status effects
A: condensation shield
a: Renounce Religion, Fiery Armour, Foxfire Swarm, Rising Flame


You were on level 2 of the Dungeon.
You worshipped Ignis.
Ignis was extremely pleased with you.
You visited 1 branch of the dungeon, and saw 2 of its levels.

You collected 51 gold pieces.

Inventory:

Hand Weapons
 a - a +0 long sword (weapon)
Missiles
 d - 3 throwing nets (quivered)
Armour
 b - a +0 leather armour (worn)
 c - a +0 helmet (worn)
Jewellery
 e - a ring of ice
Wands
 i - a wand of polymorph (7)
Potions
 f - a potion of brilliance {unknown}
 g - a potion of cancellation {unknown}
 h - a potion of flight {unknown}


   Skills:
 - Level 2.0 Fighting
 + Level 3.4 Long Blades
 - Level 1.7 Throwing
 - Level 2.6 Dodging


You had one spell level left.
You didn't know any spells.
Your spell library was empty.

Dungeon Overview and Level Annotations

Branches:
Dungeon (2/15)

Altars:
Ignis


Innate Abilities, Weirdness & Mutations

A meltable shield of frost defends you. (SH +4)


Message History

You cannot tell which god this altar belongs to.
Convert to them anyway?
Ignis accepts your prayer! Ignis welcomes you!
Things that are here:
a +0 robe; a human skeleton Key pressed, stopping explore.
You open the door.
Key pressed, stopping explore.
There is an open door here.
You now have 51 gold pieces (gained 7).
Found a stone staircase leading down.
There is a stone staircase leading down here.
i - a wand of polymorph (7)
A ball python comes into view.
The ball python misses you. The ball python grabs you.
The ball python constricts you.
You hit the ball python.
The ball python is severely wounded.
The ball python bites you. The ball python constricts you.
The ball python bites you but does no damage.
The ball python constricts you.
You barely miss the ball python.
The ball python is severely wounded.
The ball python bites you but does no damage.
The ball python constricts you.
You slash the ball python!
You kill the ball python!
No target in view!
No target in view!
HP restored.
Key pressed, stopping explore.
Key pressed, stopping explore.
Found a club.
A kobold comes into view.
It is wielding a +2 short sword of electrocution.
A kobold is nearby!
You barely miss the kobold.
The kobold hits you with a +2 short sword of electrocution.
You are electrocuted!!
Ouch! That really hurt!
You die...

### ##P##. ####..P#.##
#+## ##P#P...##.###
...###P.#.)≈[♣#...#
....##.#..≈≈._#.#.##
.....#.##.PP.♣#....#
.....P.P#P...##....#####
......####..P#..@K......
.....## ##P##..#.######
.<...# ###...#.# ....##
#.)..#.# ...## #......#
#'## ##.##### #.# #.#
#.###### #.# .......#
#.#


You could see a kobold.

Vanquished Creatures
  A dart slug (D:1)
  2 ball pythons
  An endoplasm (D:1)
  A goblin (D:2)
  3 hobgoblins (D:1)
  A quokka (D:1)
  A frilled lizard (D:1)
10 creatures vanquished.

Notes
Turn   | Place    | Note
-------+----------+-------------------------------------------
     0 | D:1      | 2tousent the Demonspawn Gladiator began the quest for the
                  | Orb.
     0 | D:1      | Reached XP level 1. HP: 16/16 MP: 1/1
   314 | D:1      | Reached skill level 3 in Long Blades
   747 | D:1      | Gained mutation: A meltable shield of frost defends you.
                  | (SH +4) [demonic ancestry]
   747 | D:1      | Reached XP level 2. HP: 20/22 MP: 2/2
  1135 | D:2      | Found a faded altar of an unknown god.
  1143 | D:2      | Prayed at the altar of an unknown god.
  1143 | D:2      | Became a worshipper of Ignis, the Dying Flame
  1242 | D:2      | Slain by a kobold

Illustrated notes

Levels and vault maps discovered:
D:1:      matt_arrival_refuge, layout_basic, grunt_decor_one_mirror
D:2:      layout_loops_corners, dreamdust_ecumenical_altar_hidden_monk_grotto

Skill      XL: |  1 |
---------------+----+-----
Long Blades    | 3 |  3.4
Fighting       | |  2.0
Throwing       | |  1.7
Dodging        | |  2.6

Action                   || total
-------------------------++-------
Melee: Long sword        ||    34
Armor: Leather armour    ||    11
Dodge: Dodged            ||    23

Table legend: (Time is in decaauts)
 A = Elapsed time spent in this place.
 B = Non-inter-level travel time spent in this place.
 C = Inter-level travel time spent in this place.
 D = Time resting spent in this place.
 E = Time spent auto-exploring this place.
 F = Levels seen in this place.
 G = Mean time per level.
                   A        B        C        D        E       F      G
               +--------+--------+--------+--------+--------+-----+--------+
         Total |   1251 |   1223 |     28 |      0 |   1119 |   2 |  625.5 |
       Dungeon |   1251 |   1223 |     28 |      0 |   1119 |   2 |  625.5 |
               +--------+--------+--------+--------+--------+-----+--------+

Top non-repeatable levels by time:
     D:1: 1134 daAuts
     D:2: 116 daAuts
